 Dungeon Crawl Stone Soup version 0.19.1 (webtiles) character file.

4374 Peloso the Carver (level 10, -3/83 (84) HPs)
             Began as a Ghoul Fighter on Dec 10, 2016.
             Was a Follower of Okawaru.
             Slain by an orc warrior
             ... wielding a +0 glaive
              (13 damage)
             ... on level 8 of the Dungeon.
             The game lasted 00:49:30 (7770 turns).

Peloso the Carver (Ghoul Fighter)                   Turns: 7770, Time: 00:49:30

HP:   -3/83 (84)    AC: 14    Str: 21    XL:     10   Next: 34%
MP:   8/9           EV:  9    Int:  3    God:    Okawaru [*.....]
Gold: 563           SH: 10    Dex: 11    Spells: 0 memorised, 9 levels left

rFire  . . .     SeeInvis .     a - +0 long sword
rCold  + . .     Gourm    .     w - +0 plate armour
rNeg   + + +     Faith    .     c - +0 shield
rPois  ∞         Spirit   .     (no helmet)
rElec  .         Reflect  .     (no cloak)
rCorr  .         Harm     .     (no gloves)
MR     .....                    (no boots)
Stlth  ..........               (no amulet)
                                t - +2 ring of protection
                                i - +4 ring of evasion

@: rotting
A: rotting body, claws 1, carnivore 3, cold resistance 1, negative energy
resistance 3, slow regeneration 1, torment resistance, unbreathing
a: Heroism, Renounce Religion


You were on level 8 of the Dungeon.
You worshipped Okawaru.
Okawaru was aware of your devotion.
You were not hungry.

You visited 2 branches of the dungeon, and saw 9 of its levels.
You also visited: Sewer.

You collected 563 gold pieces.

Inventory:

Hand Weapons
 a - a +0 long sword (weapon)
 v - a +0 whip of flaming
Armour
 c - a +0 shield (worn)
 w - a +0 plate armour (worn)
Jewellery
 i - a +4 ring of evasion (left claw)
 j - an uncursed ring of protection from cold
 t - a +2 ring of protection (right claw)
 F - an uncursed ring of wizardry
 K - an uncursed ring of fire {unknown}
Wands
 d - a wand of disintegration (3/24)
 A - a wand of acid (8/15)
 C - a wand of acid (11/15)
 E - a wand of lightning (9/15)
 G - a wand of digging (15/24)
Scrolls
 e - 2 scrolls of amnesia
 h - a scroll of recharging
 l - a scroll of vulnerability {unknown}
 q - 3 scrolls of immolation {unknown}
 r - a scroll of teleportation
 s - a scroll of enchant weapon {unknown}
 u - 4 scrolls of remove curse
 y - 2 scrolls of blinking {unknown}
Potions
 b - 2 potions of magic
 g - 4 potions of flight
 k - 2 potions of haste
 m - 2 potions of invisibility
 n - 2 potions of cancellation {unknown}
 p - a potion of ambrosia {unknown}
 x - a potion of heal wounds {unknown}
 z - a potion of curing {unknown}
 B - a potion of lignification {unknown}
 D - a potion of cure mutation {unknown}
 H - a potion of degeneration {unknown}
 J - a potion of berserk rage {unknown}
Comestibles
 f - 7 meat rations
 o - a beef jerky


   Skills:
 + Level 6.7 Fighting
 + Level 8.9 Long Blades
 + Level 6.5 Armour
 + Level 2.2 Dodging
 + Level 0.5 Stealth
 + Level 6.8 Shields
 + Level 0.9 Invocations


You had 9 spell levels left.
You didn't know any spells.

Dungeon Overview and Level Annotations

Branches:
Dungeon (8/15)             Temple (1/1) D:6            Lair (0/6) D:8

Altars:
Ashenzari
Cheibriados
Dithmenos
Elyvilon
Gozag
Hepliaklqana
Makhleb
Okawaru
Qazlal
Sif Muna
Trog
Vehumet
Xom
Yredelemnul
Zin
The Shining One

Shops:
D:4 }


Innate Abilities, Weirdness & Mutations

Your body is rotting away.
You thrive on raw meat.
You are immune to poison.
You have sharp fingernails.
You are carnivorous and can eat meat at any time.
Your flesh is cold resistant. (rC+)
You are immune to negative energy. (rN+++)
You regenerate slowly when monsters are visible.
You are immune to unholy pain and torment.
You can survive without breathing.


Message History

You closely miss the orc warrior. You hit the orc warrior.
The orc warrior is moderately wounded.
The orc warrior hits you with a glaive!
You hit the orc warrior.
The orc warrior is heavily wounded.
You hit the orc warrior.
The orc warrior is heavily wounded.
The orc warrior hits you with a glaive!
You barely miss the orc warrior.
The orc warrior is heavily wounded.
You closely miss the orc warrior.
The orc warrior is heavily wounded.
You feel like a meek peon again.
The orc warrior hits you with a glaive!!
* * * LOW HITPOINT WARNING * * *
You hit the orc warrior.
The orc warrior is severely wounded.
The orc warrior hits you with a glaive!
You die...

#..........#...#.#>.....#.#
##.......###...#.#........#######
##.......###.#.#.##.....#........
.......#.....#.#.##.....#.#####.#
##.##.########.#.##.....#.......#
...............#.##.....#..######
...##.########(#.##..............
.#....# #.#.################
...#..## #.#@# #........#
......##.#####.#o######.######.##
.......#....<...o....##.# #...
.....#.#.##..........##.# ####
.<####.#.##..........##.## #..
.............###.######..### #.#
#.#####......###>#####.....####.#
..................##.†.......##.#
#............###.##..P.....P..#.#


You could see an orc warrior and an orc.

Vanquished Creatures
  A death yak (D:8)
  Pikel (D:4)
  An elephant (D:7)
  Joseph (D:7)
  2 hornets
  A phantom (D:6)
  2 ice beasts
  An orc warrior (D:8)
  2 centaurs
  7 big kobolds
  3 bullfrogs
  A scorpion (D:6)
  A crimson imp (D:8)
  2 hounds
  6 orc priests
  A bullfrog skeleton (D:8)
  5 orc wizards
  2 centaur skeletons
  3 iguanas
  4 worker ants
  A hound zombie (D:7)
  A hound skeleton (D:6)
  A worker ant zombie (D:5)
  7 adders
  6 river rats
  2 shadow imps
  3 oozes (Sewer)
  An adder skeleton (D:7)
  An adder zombie (D:5)
  3 worms (Sewer)
  3 dart slugs
  3 leopard geckos
  34 orcs
  7 giant cockroaches
  4 goblins
  2 hobgoblins
  6 jackals
  6 quokkas
  9 ball pythons
  4 bats
  9 frilled lizards
  A jackal skeleton (D:8)
  15 kobolds
  8 rats
184 creatures vanquished.

Vanquished Creatures (others)
  A hound (D:5)
  An adder (D:5)
2 creatures vanquished.

Grand Total: 186 creatures vanquished

Notes
Turn   | Place    | Note
-------+----------+-------------------------------------------
     0 | D:1      | Peloso the Ghoul Fighter began the quest for the Orb.
     0 | D:1      | Reached XP level 1. HP: 19/19 MP: 0/0
   104 | D:1      | Reached XP level 2. HP: 18/26 MP: 1/1
   523 | D:1      | Reached skill level 2 in Long Blades
   655 | D:2      | Reached XP level 3. HP: 29/31 MP: 2/2
  1145 | D:2      | Reached XP level 4. HP: 34/38 MP: 3/3
  1327 | D:2      | Reached skill level 1 in Dodging
  1595 | D:3      | Reached XP level 5. HP: 17/45 MP: 4/4
  1922 | D:3      | Found an opulent altar of Gozag.
  2233 | D:4      | Reached skill level 3 in Long Blades
  2478 | D:4      | Found Leurros's Gadget Shoppe.
  2520 | D:4      | Found a radiant altar of Vehumet.
  2521 | D:4      | Found a shadowy altar of Dithmenos.
  2581 | D:4      | Reached XP level 6. HP: 42/52 MP: 5/5
  2836 | D:5      | Entered Level 5 of the Dungeon
  2848 | D:5      | Found a glowing golden altar of the Shining One.
  2870 | D:5      | Found a glowing drain.
  2925 | Sewer    | Entered a sewer
  3039 | Sewer    | Reached skill level 4 in Long Blades
  3349 | Sewer    | Reached XP level 7. HP: 58/59 MP: 6/6
  3629 | Sewer    | Reached skill level 5 in Long Blades
  3876 | D:5      | Noticed Pikel
  3902 | D:4      | HP: 1/59 [disintegration (17)]
  4274 | D:4      | Killed Pikel
  4274 | D:4      | Reached skill level 5 in Fighting
  4274 | D:4      | Reached skill level 6 in Long Blades
  4274 | D:4      | Reached XP level 8. HP: 52/65 MP: 7/7
  4346 | D:5      | Found a white marble altar of Elyvilon.
  4693 | D:6      | Reached skill level 5 in Shields
  4842 | D:6      | Reached skill level 5 in Armour
  4991 | D:6      | Found a staircase to the Ecumenical Temple.
  5139 | D:6      | Reached XP level 9. HP: 31/69 MP: 8/8
  5266 | D:6      | Found a shimmering altar of Xom.
  5297 | Temple   | Entered the Ecumenical Temple
  5312 | Temple   | Became a worshipper of Warmaster Okawaru
  5518 | D:6      | Reached skill level 7 in Long Blades
  5588 | D:7      | Noticed a hornet
  5618 | D:7      | Killed a hornet
  5675 | D:7      | Noticed Joseph
  5830 | D:7      | Killed Joseph
  6349 | D:7      | Reached * piety under Okawaru
  6615 | D:8      | Found a glowing silver altar of Zin.
  6615 | D:8      | Noticed a death yak
  6616 | D:8      | Noticed an elephant
  6654 | D:7      | Killed an elephant
  6654 | D:7      | Reached skill level 8 in Long Blades
  6710 | D:8      | Killed a death yak
  6710 | D:8      | Reached XP level 10. HP: 13/84 MP: 7/9
  6934 | D:8      | Found a staircase to the Lair.
  7035 | D:8      | Found a stormy altar of Qazlal.
  7254 | D:8      | Found a hazy altar of Hepliaklqana.
  7254 | D:8      | Found a shattered altar of Ashenzari.
  7465 | D:8      | Reached ** piety under Okawaru
  7770 | D:8      | Slain by an orc warrior

Skill      XL: |  1  2  3  4  5  6  7  8  9 |
---------------+----------------------------+-----
Shields        | 3 4 5 6 |  6.8
Long Blades    | 2 3 4 6 8 |  8.9
Armour         | 3 4 5 6 |  6.5
Dodging        | 1 2 |  2.2
Fighting       | 4 5 6 |  6.7
Stealth        | |  0.5
Invocations    | |  0.9

Action                   |  1- 3 |  4- 6 |  7- 9 | 10-12 || total
-------------------------+-------+-------+-------+-------++-------
Melee: Long sword        |   134 |   235 |   676 |   164 ||  1209
       Falchion          |       |    38 |       |       ||    38
Invok: Heroism           |       |       |     4 |     4 ||     8
  Use: Scroll            |       |     9 |     3 |       ||    12
       Potion            |       |       |     1 |       ||     1
  Eat: Chunk             |     2 |    10 |    27 |     4 ||    43
Armor: Scale mail        |    70 |    64 |       |       ||   134
       Plate armour      |       |    39 |   269 |    48 ||   356
Dodge: Dodged            |    51 |    98 |   164 |    36 ||   349
Block: Shield            |    78 |   138 |   304 |    59 ||   579
       Rpst.: Long sword |    16 |    30 |    56 |    11 ||   113
       Falchion          |       |     5 |       |       ||     5
